 Dungeon Sprint DCSS version 0.27-a0-1006-g1fd4cec11e (webtiles) character file.

Game seed: 4346724432228526364

16726 mhtbhm the Scorcher (level 12, -18/62 HPs)
             Began as a Deep Elf Fire Elementalist on Apr 17, 2021.
             Was the Champion of Vehumet.
             Demolished by a nagaraja
             ... wielding a +2 whip of electrocution
              (20 damage)
             ... in the Dungeon (Sprint V: "Ziggurat Sprint").
             The game lasted 00:08:55 (1273 turns).

mhtbhm the Scorcher (Deep Elf Fire Elementalist)    Turns: 1273, Time: 00:08:56

Health: -18/62     AC:  7    Str:  8    XL:     12   Next: 12%
Magic:  31/46      EV: 15    Int: 32    God:    Vehumet [******]
Gold:   0          SH:  0    Dex: 15    Spells: 15/49 levels left

rFire    + . .     SeeInvis .   r - +8 lance "Wyrmbane" {slay drac, rPois rF+ rC+ AC+3}
rCold    + + .     Faith    .   (no shield)
rNeg     . . .     Spirit   .   a - +2 robe {rC+}
rPois    +         Reflect  .   (no helmet)
rElec    .         Harm     .   (no cloak)
rCorr    .         Rampage  .   (no gloves)
Will     ++...     NoTele   +   (no boots)
Stlth    ++++......             I - amulet of regeneration
HPRegen  1.20/turn              u - +6 ring of intelligence
MPRegen  0.30/turn              C - ring "Vaokh" {Will+ MP+9 Str+3}

@: constricted
A: no striking features
a: Renounce Religion


You were in the Dungeon.
You worshipped Vehumet.
Vehumet was exalted by your worship.
You visited 1 branch

Inventory:

Hand Weapons
 r - the +8 lance "Wyrmbane" (weapon) {slay drac, rPois rF+ rC+ AC+3}
   (You found it in the Dungeon)

   It affects your AC (+3).
   It protects you from fire.
   It protects you from cold.
   It protects you from poison.
Missiles
 s - 3 throwing nets (quivered)
Armour
 a - a +2 robe of cold resistance (worn)
Jewellery
 u - a +6 ring of intelligence (left hand)
 v - a +6 ring of intelligence
 B - the amulet of Buiwnes {Faith Fly Str+4}
   (You took it off a merfolk in the Dungeon)

   [amulet of faith]

   It allows you to gain divine favour quickly.
   It affects your strength (+4).
   It grants you flight.
 C - the ring "Vaokh" (right hand) {Will+ MP+9 Str+3}
   (You found it in the Dungeon)

   [ring of magical power]

   It affects your strength (+3).
   It affects your magic capacity (+9).
   It increases your willpower.
 D - the ring "Dewiomn" {rF+ rN+}
   (You found it in the Dungeon)

   [ring of positive energy]

   It protects you from fire.
   It protects you from negative energy.
 H - a ring of see invisible
 I - an amulet of regeneration (around neck)
 J - a ring of fire
 L - a ring of ice
 M - a ring of magical power
 N - the necklace of Bloodlust {*Rage +Rage Will++ Int-3 Slay+6}
   (You found it in the Dungeon)

   [amulet of nothing]

   It affects your intelligence (-3).
   It affects your accuracy and damage with ranged weapons and melee attacks
   (+6).
   It lets you go berserk.
   It may make you go berserk in combat.
   It greatly increases your willpower.
 P - the ring of Bosuisee {rF+ Str+6 SInv}
   (You found it in the Dungeon)

   [ring of strength]

   It affects your strength (+6).
   It protects you from fire.
   It lets you see invisible.
Wands
 y - a wand of mindburst (3)
 z - a wand of iceblast (3)
 A - a wand of acid (3)
Scrolls
 h - a scroll of blinking
 m - 4 scrolls of amnesia
 n - 7 scrolls of fog
 o - a scroll of holy word
 p - 5 scrolls of identify
 q - a scroll of fear
 K - a scroll of brand weapon
 O - 4 scrolls of enchant weapon
Potions
 b - 2 potions of brilliance
 c - 10 potions of curing
 d - 5 potions of heal wounds
 e - 10 potions of haste
 f - 7 potions of magic
 g - 3 potions of berserk rage
 i - 2 potions of invisibility
 j - 4 potions of resistance
 k - a potion of experience
 l - 5 potions of might
Miscellaneous
 t - a phantom mirror
 w - a tin of tremorstones (2/2)
 x - a condenser vane (inert)
 E - a phantom mirror
 F - a lightning rod (4/4)
 G - a piece from Xom's chessboard (15/15)
 Q - a piece from Xom's chessboard (15/15)


   Skills:
 + Level 1.7 Fighting
 + Level 11.1 Dodging
 - Level 9.0 Stealth
 + Level 19.1 Spellcasting
 + Level 12.1 Conjurations
 + Level 20.3 Fire Magic
 * Level 5.7 Earth Magic
 + Level 8.9 Evocations


You had 15 spell levels left.
You knew the following spells:

 Your Spells              Type           Power      Damage    Failure   Level
a - Foxfire               Conj/Fire      100%       2x1d9     0%          1
b - Conjure Flame         Conj/Fire      94%        6-21      0%          3
c - Inner Flame           Hex/Fire       77%        N/A       1%          3
d - Sticky Flame          Conj/Fire      94%        2d10      0%          4
e - Fireball              Conj/Fire      47%        3d19      1%          5
f - Lee's Rapid Deconstr  Erth           30%        3d17*     1%          5
g - Petrify               Tmut/Erth      49%        N/A       3%          4
h - Shatter               Erth           30%        3d25*     100%        9

Your spell library contained the following spells:

 Spells                   Type           Power      Damage    Failure   Level
 Conjure Ball Lightning   Conj/Air       31%        3x3d10    4%          6
 Animate Skeleton         Necr           60%        N/A       1%          1
 Pain                     Necr           100%       1d9       1%          1
 Sandblast                Erth           100%       2d20      1%          1
 Shock                    Conj/Air       100%       1d9       1%          1
 Sting                    Tmut/Pois      100%       1d8       1%          1
 Corpse Rot               Necr/Air       N/A        N/A       1%          2
 Passwall                 Tmut/Erth      40%        N/A       1%          2
 Poisonous Vapours        Pois/Air       60%        N/A       1%          2
 Static Discharge         Conj/Air       62%        N/A       1%          2
 Ignite Poison            Fire/Tmut/Pois 65%        N/A       1%          3
 Mephitic Cloud           Conj/Pois/Air  54%        N/A       1%          3
 Stone Arrow              Conj/Erth      100%       3d13      1%          3
 Lightning Bolt           Conj/Air       31%        1d48      1%          5
 Ignition                 Fire           51%        3d14      1%          8
 Swiftness                Air            30%        N/A       3%          3
 Vampiric Draining        Necr           15%        2d8       3%          3
 Olgreb's Toxic Radiance  Pois           30%        N/A       3%          4
 Yara's Violent Unravell  Hex/Tmut       15%        3d8       9%          5
 Animate Dead             Necr           15%        N/A       12%         4
 Cause Fear               Hex            15%        N/A       12%         4
 Passage of Golubria      Tloc           N/A        N/A       12%         4
 Agony                    Necr           30%        N/A       32%         5
 Hydra Form               Tmut           15%        N/A       32%         5
 Silence                  Hex/Air        15%        N/A       32%         5
 Summon Forest            Summ/Tloc      15%        N/A       32%         5
 Eringya's Noxious Bog    Tmut/Pois      15%        N/A       41%         6
 Invisibility             Hex            30%        N/A       88%         6
 Summon Hydra             Summ           15%        N/A       100%        7
 Discord                  Hex            15%        N/A       100%        8
 Tornado                  Air            15%        N/A       100%        9


Dungeon Overview and Level Annotations

Branches:
Dungeon (1/1)

Altars:
Ashenzari
Cheibriados
Dithmenos
Elyvilon
Fedhas
Gozag
Hepliaklqana
Kikubaaqudgha
Makhleb
Nemelex Xobeh
Okawaru
Qazlal
Ru
Sif Muna
Trog
Uskayaw
Vehumet
Wu Jian
Xom
Yredelemnul
Zin
The Shining One
Beogh
Jiyva
Lugonu

Annotations:
D 1 transporter


Message History

Aim: a nagaraja, wielding a +2 whip of electrocution and wearing a +0 robe (lightly wounded, fast, strong, catching its breath, covered in acid)
The fireball explodes!
The fireball engulfs the nagaraja!!
The nagaraja is moderately wounded.
The fireball engulfs the naga mage!!
The naga mage is heavily wounded.
Your attack snaps the naga mage out of its fear.
You feel sick.
Unknown command.
Unknown command.
Unknown command.
Casting: Fireball (safe; 1% risk of failure)
Confirm with . or Enter, or press ? or * to list all spells.
Aiming: Sticky Flame (safe; 0% risk of failure)
Press: ? - help, Shift-Dir - straight line, f/p - nagaraja
Aim: a nagaraja, wielding a +2 whip of electrocution and wearing a +0 robe (moderately wounded, fast, strong, catching its breath, covered in acid, 100% to hit)
Okay, then.
Unknown command.
Casting: Sticky Flame (safe; 0% risk of failure)
Confirm with . or Enter, or press ? or * to list all spells.
Aiming: Sticky Flame (safe; 0% risk of failure)
Press: ? - help, Shift-Dir - straight line, f/p - nagaraja
Aim: a nagaraja, wielding a +2 whip of electrocution and wearing a +0 robe (moderately wounded, fast, strong, catching its breath, covered in acid, 100% to hit)
The sticky flame hits the nagaraja!
The nagaraja is heavily wounded.
The nagaraja is covered in liquid flames!
You feel sick.
You are no longer poisoned.
The nagaraja burns!
The nagaraja hits you with a +2 whip of electrocution!!!
Ouch! That really hurt!
* * * LOW HITPOINT WARNING * * *
The nagaraja grabs you.
* * * LOW HITPOINT WARNING * * *
The nagaraja constricts you.
The naga warrior is engulfed in blazing flames.
You kill the naga warrior!
Vehumet accepts your kill.
You feel your power returning.
The nagaraja hits you with a +2 whip of electrocution!!
You die...

▓..©. ▓▓▓▓▓▓
▓..8©8 ▓..)).
▓...). ▓▓▓▓▓▓▓▓▓
▓..... ▓....8§8.
▓..... ▓..[)§§§:
▓.▓...
▓@.§§§§§§=†.▓...©.
▓.N§§§§§§...▓▓▓▓▓▓
▓....§§§§...▓...8©
▓...§§§§....▓..)|)
▓...N§§.....▓...)}
▓...§§§§§...▓.....
▓..▓§§§N§▓..▓.....
▓...§§§§§...▓.....
▓.....S.....▓.....


You could see a nagaraja (fast, strong, burning, corroded), a naga mage (strong,
fleeing) and a naga (strong, fleeing, corroded).

Vanquished Creatures
  A ghoul (D)
  A naga warrior (D)
  A yaktaur captain (D)
  7 vault guards (D)
  An anaconda (D)
  A sixfirhy (D)
  A skeletal warrior (D)
  A shining eye (D)
  A necromancer (D)
  A black mamba (D)
  An eye of devastation (D)
  A guardian serpent (D)
  2 yaktaurs (shapeshifter) (D)
  2 yaktaurs (D)
  2 ice devils (D)
  9 merfolk (D)
  A hornet (shapeshifter) (D)
  A meliai (shapeshifter) (D)
  A slime creature (D)
  5 shadows (D)
  A spriggan (D)
  A yak (shapeshifter) (D)
  2 golden eyes (D)
  A neqoxec (D)
  A chaos spawn (D)
  2 nagas (D)
  A floating eye (D)
  2 orc warriors (D)
  A necrophage (D)
  A wolf (D)
  2 quasits (D)
  2 jellies (D)
  An orc priest (D)
  7 orc wizards (D)
  2 adders (D)
  A shadow imp (D)
  4 white imps (D)
  3 ufetubi (D)
  2 adder skeletons (D)
  4 orcs (D)
  2 ball pythons (D)
  2 bat skeletons (D)
  An endoplasm (D)
  A ball python skeleton (D)
  2 bat simulacra (D)
  A giant cockroach zombie (D)
  2 jackal skeletons (D)
  A jackal zombie (D)
  A quokka skeleton (D)
  2 quokka zombies (D)
97 creatures vanquished.

Notes
Turn   | Place    | Note
-------+----------+-------------------------------------------
     0 | D        | mhtbhm the Deep Elf Fire Elementalist began the quest for
                  | the Orb.
     0 | D        | Reached XP level 1. HP: 10/10 MP: 6/6
     0 | D        | Found a blossoming altar of Fedhas.
     1 | D        | Found the +6 Majin-Bo {vamp, MP+6 Int+6}
     1 | D        | Found the +9 heavy crossbow "Sniper" {vorpal, Acc+∞ SInv}
     1 | D        | Found the +10 dark maul {vorpal}
     1 | D        | Found the +15 Maxwell's patent armour {-Cast -Tele rElec
                  | Will+ rCorr}
     1 | D        | Found the +18 shield of the Gong {rElec rN+ Will+ EV-5}
     1 | D        | Found the +14 obsidian axe {vorpal, Drain Fly SInv}
     1 | D        | Found the +7 great mace "Firestarter" {inner flame, rF++}
     1 | D        | Found the +6 shillelagh "Devastator" {shatter}
     1 | D        | Found the +11 plutonium sword {Contam Stlth-}
     1 | D        | Found the +8 lance "Wyrmbane" {slay drac, rPois rF+ rC+
                  | AC+3}
     1 | D        | Found the +9 sword of Zonguldrok {reap}
     1 | D        | Found the +13 scythe of Curses {drain, Drain}
     1 | D        | Found the +5 sword of Power {vorpal}
     1 | D        | Found the +7 mace of Variability {chain chaos}
     1 | D        | Found the +7 Singing Sword {vorpal, sonic wave}
     1 | D        | Found the +8 storm bow {elec, penet}
     1 | D        | Found a shimmering blue altar of Sif Muna.
     1 | D        | Found a sacrificial altar of Ru.
     1 | D        | Found a bloodstained altar of Trog.
     1 | D        | Found a stormy altar of Qazlal.
     1 | D        | Found an iron altar of Okawaru.
     1 | D        | Found a sparkling altar of Nemelex Xobeh.
     3 | D        | Found a transporter.
     3 | D        | Found an ancient bone altar of Kikubaaqudgha.
     3 | D        | Found a viscous altar of Jiyva.
     3 | D        | Found a corrupted altar of Lugonu.
     3 | D        | Found a hazy altar of Hepliaklqana.
     3 | D        | Found a burning altar of Makhleb.
     3 | D        | Found an opulent altar of Gozag.
    31 | D        | Became a worshipper of Vehumet
    39 | D        | Banished a spatial maelstrom
    50 | D        | Entered arena 2.
    50 | D        | Noticed a wolf
    50 | D        | Noticed a spriggan
    50 | D        | Found a transporter.
    53 | D        | Killed a spriggan
    54 | D        | Reached skill level 9 in Fire Magic
    54 | D        | Reached XP level 2. HP: 15/15 MP: 6/11
    54 | D        | Reached XP level 3. HP: 19/19 MP: 7/13
    54 | D        | Reached XP level 4. HP: 24/24 MP: 7/14
    54 | D        | Reached XP level 5. HP: 28/28 MP: 8/16
    57 | D        | Killed a wolf
    58 | D        | Reached skill level 5 in Dodging
    58 | D        | Reached skill level 5 in Stealth
    58 | D        | Reached skill level 10 in Fire Magic
    58 | D        | Reached skill level 1 in Evocations
   119 | D        | Learned a level 3 spell: Conjure Flame
   123 | D        | Learned a level 3 spell: Inner Flame
   128 | D        | Learned a level 4 spell: Sticky Flame
   134 | D        | Learned a level 5 spell: Fireball
   138 | D        | Entered arena 3.
   138 | D        | Found a transporter.
   139 | D        | Reached * piety under Vehumet
   139 | D        | Offered knowledge of Sandblast by Vehumet.
   140 | D        | Reached ** piety under Vehumet
   141 | D        | Reached XP level 6. HP: 32/32 MP: 8/18
   211 | D        | Entered arena 4.
   211 | D        | Noticed a merfolk
   211 | D        | Noticed a merfolk
   211 | D        | Noticed a merfolk
   211 | D        | Noticed a merfolk
   211 | D        | Found a transporter.
   216 | D        | Killed a merfolk
   217 | D        | Reached skill level 12 in Fire Magic
   217 | D        | Killed a merfolk
   217 | D        | Killed a merfolk
   217 | D        | Killed a merfolk
   217 | D        | Reached *** piety under Vehumet
   218 | D        | Reached skill level 10 in Spellcasting
   218 | D        | Reached skill level 14 in Fire Magic
   218 | D        | Reached XP level 7. HP: 23/36 MP: 5/22
   218 | D        | Reached XP level 8. HP: 26/41 MP: 5/24
   335 | D        | Learned a level 5 spell: Lee's Rapid Deconstruction
   340 | D        | Learned a level 4 spell: Petrify
   341 | D        | Entered arena 5.
   341 | D        | Found a transporter.
   342 | D        | Offered knowledge of Magic Dart by Vehumet.
   343 | D        | Reached **** piety under Vehumet
   380 | D        | Entered arena 6.
   380 | D        | Noticed a merfolk
   380 | D        | Noticed a merfolk
   380 | D        | Noticed a merfolk
   380 | D        | Noticed a merfolk
   380 | D        | Noticed a merfolk
   380 | D        | Found a transporter.
   381 | D        | Identified the amulet of Buiwnes {Faith Fly Str+4}
   383 | D        | Killed a merfolk
   383 | D        | Killed a merfolk
   384 | D        | Reached skill level 5 in Evocations
   384 | D        | Killed a merfolk
   385 | D        | Reached skill level 15 in Fire Magic
   386 | D        | Killed a merfolk
   386 | D        | Killed a merfolk
   386 | D        | Reached ***** piety under Vehumet
   387 | D        | Reached XP level 9. HP: 22/45 MP: 9/26
   559 | D        | Entered arena 7.
   559 | D        | Noticed a yaktaur
   559 | D        | Noticed a harpy
   559 | D        | Noticed a yaktaur
   562 | D        | Noticed a meliai
   562 | D        | a harpy changed into a meliai
   562 | D        | Offered knowledge of Frozen Ramparts by Vehumet.
   563 | D        | Reached skill level 16 in Fire Magic
   563 | D        | Killed a yaktaur
   564 | D        | Killed a yaktaur
   565 | D        | Reached skill level 5 in Conjurations
   565 | D        | Killed a meliai
   567 | D        | Reached skill level 17 in Fire Magic
   704 | D        | Found a transporter.
   712 | D        | Got the ring "Vaokh" {Will+ MP+9 Str+3}
   768 | D        | Entered arena 8.
   769 | D        | Offered knowledge of Airstrike by Vehumet.
   769 | D        | Reached ****** piety under Vehumet
   771 | D        | Found a transporter.
   784 | D        | Got the ring "Dewiomn" {rF+ rN+}
   788 | D        | Entered arena 9.
   788 | D        | Noticed an ice devil
   788 | D        | Noticed a sixfirhy
   789 | D        | Found the +8 trident of the Octopus King {venom, rElec
                  | rPois Will+}
   791 | D        | Killed a sixfirhy
   792 | D        | Reached skill level 10 in Dodging
   792 | D        | Reached XP level 10. HP: 32/50 MP: 29/29
   859 | D        | Found a transporter.
   905 | D        | Entered arena 10.
   906 | D        | Identified the +3 morningstar "Fajun" {vamp, Fragile rCorr
                  | Int+9 Stlth+}
   906 | D        | Offered knowledge of Olgreb's Toxic Radiance by Vehumet.
   909 | D        | Found a transporter.
   938 | D        | Entered arena 11.
   938 | D        | Noticed a shining eye
   938 | D        | Noticed an eye of devastation
   942 | D        | Killed an eye of devastation
   942 | D        | Killed a shining eye
   943 | D        | Reached skill level 18 in Fire Magic
   972 | D        | Found a transporter.
  1001 | D        | Entered arena 12.
  1001 | D        | Noticed a vault guard
  1001 | D        | Noticed a vault guard
  1001 | D        | Noticed a vault guard
  1001 | D        | Noticed a vault guard
  1001 | D        | Noticed a vault guard
  1003 | D        | Noticed a yaktaur captain
  1003 | D        | Noticed a vault guard
  1004 | D        | Noticed a vault guard
  1005 | D        | Killed a vault guard
  1005 | D        | Killed a vault guard
  1006 | D        | Reached skill level 15 in Spellcasting
  1006 | D        | Killed a vault guard
  1007 | D        | Reached XP level 11. HP: 54/54 MP: 26/32
  1010 | D        | Killed a vault guard
  1011 | D        | Killed a vault guard
  1012 | D        | Reached skill level 10 in Conjurations
  1012 | D        | Reached skill level 19 in Fire Magic
  1012 | D        | Killed a vault guard
  1012 | D        | Killed a yaktaur captain
  1014 | D        | Found a transporter.
  1020 | D        | Killed a vault guard
  1021 | D        | Reached skill level 1 in Fighting
  1093 | D        | Learned a level 9 spell: Shatter
  1096 | D        | Entered arena 13.
  1098 | D        | Reached skill level 1 in Earth Magic
  1099 | D        | Offered knowledge of Fulminant Prism by Vehumet.
  1117 | D        | Found the necklace of Bloodlust {*Rage +Rage Will++ Int-3
                  | Slay+6}
  1117 | D        | Found a transporter.
  1134 | D        | Got the ring of Bosuisee {rF+ Str+6 SInv}
  1138 | D        | Got Sif Muna's Compendium of Feathery Intoxication
  1148 | D        | Entered arena 14.
  1149 | D        | Noticed a skeletal warrior
  1149 | D        | Noticed a necromancer
  1151 | D        | Killed a necromancer
  1151 | D        | Noticed a ghoul
  1153 | D        | Killed a skeletal warrior
  1165 | D        | Killed a ghoul
  1166 | D        | Reached skill level 20 in Fire Magic
  1229 | D        | Found a transporter.
  1259 | D        | Entered arena 15.
  1260 | D        | Noticed an anaconda
  1260 | D        | Noticed a nagaraja
  1261 | D        | Found the +12 glaive of Prune {vorpal}
  1261 | D        | Noticed a naga warrior
  1262 | D        | Found a transporter.
  1263 | D        | Found the +2 Maxwell's thermic engine {flame, freeze}
  1263 | D        | Offered knowledge of Conjure Ball Lightning by Vehumet.
  1264 | D        | Reached skill level 5 in Earth Magic
  1264 | D        | Reached XP level 12. HP: 41/61 MP: 37/37
  1271 | D        | Killed an anaconda
  1273 | D        | HP: 2/62 [nagaraja/+2 whip of electrocution (5)]
  1273 | D        | Killed a naga warrior
  1273 | D        | Demolished by a nagaraja

Illustrated notes

Levels and vault maps discovered:
D:        sprint_v [room_start, room_1, room_2, room_3, room_4, room_5, room_6,
          room_7, room_8, room_9, room_10, room_11, room_12, room_13, room_14,
          room_15, room_16, room_17, room_18, room_19, room_20, room_21,
          room_22, room_23, room_24, room_25, room_26, room_27]

Skill      XL: |  1  2  3  4  5  6  7  8  9 10 11 |
---------------+----------------------------------+-----
Dodging        | 4 5 7 8 10 11 | 11.1
Stealth        | 4 5 7 8 9 |  9.0
Spellcasting   | 6 7 10 11 13 15 19 | 19.1
Fire Magic     | 9 10 14 15 17 18 20 | 20.3
Evocations     | 1 4 5 7 8 |  8.9
Conjurations   | 2 4 6 9 12 | 12.1
Fighting       | 1 |  1.7
Earth Magic    | 5 |  5.7

Action                   |  1- 3 |  4- 6 |  7- 9 | 10-12 || total
-------------------------+-------+-------+-------+-------++-------
Melee: Lance             |       |       |       |     2 ||     2
 Cast: Fireball          |       |     4 |    10 |    29 ||    43
       Sticky Flame      |       |       |     7 |     7 ||    14
Evoke: Wand              |     2 |     7 |       |     3 ||    12
       Condenser vane    |       |       |     2 |     4 ||     6
  Use: Scroll            |     1 |       |       |     3 ||     4
       Potion            |       |       |     1 |     4 ||     5
Armor: Robe              |       |       |     1 |     4 ||     5
Dodge: Dodged            |     2 |     6 |     6 |    17 ||    31

Table legend: (Time is in decaauts)
 A = Elapsed time spent in this place.
 B = Non-inter-level travel time spent in this place.
 C = Inter-level travel time spent in this place.
 D = Time resting spent in this place.
 E = Time spent auto-exploring this place.
 F = Levels seen in this place.
 G = Mean time per level.
                   A        B        C        D        E       F      G
               +--------+--------+--------+--------+--------+-----+--------+
         Total |   1270 |   1270 |      0 |    775 |      0 |   1 | 1270.0 |
       Dungeon |   1270 |   1270 |      0 |    775 |      0 |   1 | 1270.0 |
               +--------+--------+--------+--------+--------+-----+--------+

Top non-repeatable levels by time:
       D: 1270 daAuts
